 Dungeon Crawl Stone Soup version 0.29.1-12-g30fa7ad0bf (webtiles) character file.

Game seed: 9293478172551760691

63 DildoBatman the Conjurer (level 4, 0/32 HPs)
             Began as a Formicid Conjurer on Jan 18, 2023.
             Frozen to death by an endoplasm (2 damage)
             ... on level 2 of the Dungeon.
             The game lasted 00:03:20 (1268 turns).

DildoBatman the Conjurer (Formicid Conjurer)        Turns: 1268, Time: 00:03:20

Health: 0/32       AC:  3    Str: 12    XL:     4   Next: 30%
Magic:  7/8        EV: 12    Int: 19    God:
Gold:   96         SH:  0    Dex: 12    Spells: 5/8 levels left

rFire   . . .      SeeInvis +   h - +0 club
rCold   . . .      Faith    .   (no shield)
rNeg    . . .      Spirit   .   a - +0 robe
rPois   .          Reflect  .   (helmet unavailable)
rElec   .          Harm     .   (no cloak)
rCorr   .          Rampage  .   k - +0 pair of gloves
Will    .....                   (no boots)
Stlth   ++........              (no amulet)
HPRegen 0.10/turn               c - ring of flight
MPRegen 0.11/turn               (no ring)

@: flying
A: permanent stasis, dig shafts and tunnels, antennae 3, four strong arms
a: Dig, Shaft Self


You were on level 2 of the Dungeon.
You visited 1 branch of the dungeon, and saw 2 of its levels.

You collected 96 gold pieces.

Inventory:

Hand Weapons
 h - a +0 club (weapon)
 p - a +0 dagger
Missiles
 e - 23 stones
Armour
 a - a +0 robe (worn)
 k - a +0 pair of gloves (worn)
Jewellery
 c - a ring of flight (left hand)
Scrolls
 d - a scroll of amnesia {unknown}
 f - a scroll of butterflies {unknown}
 g - 2 scrolls of identify {unknown}
 i - a scroll of noise {unknown}
 j - a scroll of teleportation {unknown}
 l - a scroll of enchant armour {unknown}
 o - a scroll of enchant weapon {unknown}
Potions
 b - 2 potions of magic
 m - a potion of resistance {unknown}
 n - 2 potions of flight {unknown}


   Skills:
 * Level 1.6 Fighting
 * Level 1.6 Armour
 - Level 2.0 Dodging
 - Level 2.4 Stealth
 * Level 2.8 Spellcasting
 * Level 4.0 Conjurations


You had 5 spell levels left.
You knew the following spells:

 Your Spells              Type           Power      Damage    Failure   Level
a - Searing Ray           Conj           36%        2d5       4%          2
c - Magic Dart            Conj           72%        1d6       3%          1

Your spell library contained the following spells:

 Spells                   Type           Power      Damage    Failure   Level
 Sting                    Tmut/Pois      8%         1d3       16%         1
 Dazzling Flash           Conj/Hex       20%        N/A       21%         3
 Fulminant Prism          Conj/Hex       5%         3d7       56%         4
 Iskenderun's Mystic Bla  Conj/Tloc      10%        2d4       56%         4


Dungeon Overview and Level Annotations

Branches:
Dungeon (2/15)

Altars:


Innate Abilities, Weirdness & Mutations

You cannot be hasted, slowed, berserked, paralysed or teleported.
You can dig through walls and to a lower floor.
You have a pair of large antennae on your head. (SInv)
Your four strong arms can wield two-handed weapons with a shield.


Message History

r - Retreat! s - Stop attacking. g - Guard the area. f - Follow me.
Anything else - Cancel.
You shout for attention!
The endoplasm barely misses you. What are your orders? t - Shout!
Orders for allies: a - Attack new target. r - Retreat! s - Stop attacking. g - Guard the area. f - Follow me.
Anything else - Cancel.
You shout for attention!
The endoplasm misses you. What are your orders? t - Shout!
Orders for allies: a - Attack new target. r - Retreat! s - Stop attacking. g - Guard the area. f - Follow me.
Anything else - Cancel.
You shout for attention!
The endoplasm freezes you.
You are frozen.
What are your orders? t - Shout!
Orders for allies: a - Attack new target. r - Retreat! s - Stop attacking. g - Guard the area. f - Follow me.
Anything else - Cancel.
You shout for attention!
The endoplasm barely misses you. What are your orders? t - Shout!
Orders for allies: a - Attack new target. r - Retreat! s - Stop attacking. g - Guard the area. f - Follow me.
Anything else - Cancel.
You shout for attention!
The endoplasm freezes you.
You are frozen.
You die...

#..........#....#
#...............###
#.................#
#.................#
#.................#
#.................#
#........[........#
#................†#
###########.J@....#
#†......#
##.......#
#.######## ###


You could see an endoplasm.

Vanquished Creatures
  2 adders (D:2)
  3 worms (D:2)
  4 endoplasms
  3 giant cockroaches
  3 hobgoblins (D:1)
  6 jackals (D:1)
  2 quokkas (D:2)
  3 ball pythons (D:2)
  2 bats (D:2)
  A frilled lizard (D:1)
  A goblin (D:1)
  A kobold (D:1)
  2 rats (D:1)
33 creatures vanquished.

Vanquished Creatures (others)
  2 fungi (D:1)
  3 plants (D:1)
5 creatures vanquished.

Grand Total: 38 creatures vanquished

Notes
Turn   | Place    | Note
-------+----------+-------------------------------------------
     0 | D:1      | DildoBatman the Formicid Conjurer began the quest for the
                  | Orb.
     0 | D:1      | Reached XP level 1. HP: 13/13 MP: 3/3
   126 | D:1      | Found a faded altar of an unknown god.
   235 | D:1      | Reached XP level 2. HP: 20/20 MP: 1/5
   242 | D:1      | Learned a level 2 spell: Searing Ray
   417 | D:1      | Got Plato's Exposition on Transmogrification
   563 | D:1      | Reached skill level 1 in Fighting
   625 | D:1      | Reached XP level 3. HP: 20/26 MP: 1/6
   766 | D:1      | Reached skill level 1 in Armour
  1241 | D:2      | Reached skill level 4 in Conjurations
  1241 | D:2      | Reached XP level 4. HP: 30/32 MP: 4/8
  1268 | D:2      | Frozen to death by an endoplasm

Illustrated notes

Levels and vault maps discovered:
D:1:      lightli_arrival_windingriver, layout_rooms,
          shapermc_ecumenical_altar_rom_forum, hangedman_decor_slide_cut
D:2:      layout_rooms

Skill      XL: |  1  2  3 |
---------------+----------+-----
Dodging        | 2 |  2.0
Fighting       | 1 |  1.6
Armour         | 1 |  1.6
Conjurations   | 4 |  4.0
Stealth        | |  2.4
Spellcasting   | |  2.8

Action                   |  1- 3 |  4- 6 || total
-------------------------+-------+-------++-------
Melee: Unarmed           |     8 |       ||     8
       Club              |    24 |       ||    24
       Punch             |     1 |       ||     1
 Cast: Magic Dart        |    39 |       ||    39
       Searing Ray       |     6 |       ||     6
 Abil: Dig               |     1 |       ||     1
 Stab: Sleeping          |     1 |       ||     1
Armor: Robe              |    11 |     3 ||    14
Dodge: Dodged            |    37 |    10 ||    47
